[Event "Late-Titled-Tuesday-Blitz-February-13-2024"]
[Site "Chess.com"]
[Date "2024.02.13"]
[Round "4"]
[White "Baronessa08"]
[Black "Zapateado"]
[Result "1-0"]
[WhiteElo "2547"]
[BlackElo "2366"]
[TimeControl "180+1"]
[EndTime "14:38:47 PST"]
[Termination "Baronessa08 won by resignation"]

1. Nf3 c5 2. c4 g6 3. d4 cxd4 4. Nxd4 Nc6 5. e4 Nf6 6. Nc3 d6 7. Be2 Nxd4 8. Qxd4 Bg7 9. Be3 O-O 10. Qd3 Be6 11. O-O Nd7 12. b3 Qa5 13. Rfc1 Rfc8 14. f3 a6 15. Rab1 b5 16. Nd5 Bxd5 17. Qxd5 Qxa2 18. Bf1 Qa5 19. b4 Qa2 20. cxb5 Qxd5 21. exd5 axb5 22. Bxb5 Ne5 23. Bc6 Ra3 24. Bg5 Nd3 25. Rd1 Bd4+ 26. Kf1 f6 27. Bd2 e5 28. b5 Bb6 29. Ra1 Rxa1 30. Rxa1 f5 31. Ra6 Rb8 32. Ba5 Bxa5 33. Rxa5 Nc5 34. Ra7 g5 35. Re7 e4 36.
g4 fxg4 37. fxe4 h5 38. e5 dxe5 39. Rxe5 Kg7 40. d6 Kf6 41. Rxc5 Ke6 42. d7 Kd6 43. Rxg5 Kc7 44. Rxh5 1-0

[Event "Late-Titled-Tuesday-Blitz-February-13-2024"]
[Site "Chess.com"]
[Date "2024.02.13"]
[Round "4"]
[White "FabianoCaruana"]
[Black "TigrVShlyape"]
[Result "1-0"]
[WhiteElo "3065"]
[BlackElo "2864"]
[TimeControl "180+1"]
[EndTime "14:38:49 PST"]
[Termination "FabianoCaruana won by resignation"]

1. e4 e5 2. Nf3 Nc6 3. Bb5 g6 4.
O-O Bg7 5. c3 d6 6. d4 Bd7 7. h3 Nf6 8. Re1 O-O 9. Bd3 Qe8 10. Nbd2 Nh5 11. Nb3 b6 12. Be3 Kh8 13.
Nbd2 f5 14. exf5 gxf5 15. dxe5 dxe5 16. Bb5 e4 17. Bxc6 Bxc6 18. Nd4 Bb7 19. f4 c5 20.
Nc2 Rd8 21. Qe2 Qg6 22. Qf2 Rg8 23. Nc4 Ba6 24. N2a3 Bf6 25. Red1 Rd3 26. Rxd3 exd3 27. Qf3 Ng3 28. Rd1 Qg7 29. Nd6 Be7 30. Nac4 b5 31. Bxc5 bxc4 32. Bd4 Bf6 33. Bf2 Ne2+ 34. Kh1 Qd7 35.
Qd5 Nxf4 36. Nf7+ Qxf7 37. Qxf7 Bg7 38. Qxf5 Rf8 39. Qd7 Bc8 40. Qxa7 Bf5 41. Bd4 Ne6 42. Bxg7+ Nxg7 43. Qd4 Be6 44. b3 1-0

[Event "Late-Titled-Tuesday-Blitz-February-13-2024"]
[Site "Chess.com"]
[Date "2024.02.13"]
[Round "4"]
[White "ATM622"]
[Black "kids2010"]
[Result "0-1"]
[WhiteElo "2493"]
[BlackElo "2763"]
[TimeControl "180+1"]
[EndTime "14:38:49 PST"]
[Termination "kids2010 won by checkmate"]

1. d4 Nf6 2. c4 e6 3. g3 d5 4. Bg2 Bb4+ 5. Nd2 Be7 6. Ngf3 O-O 7. O-O c6 8. Qc2 Nbd7 9. e4 b6 10. b3 Bb7 11. Bb2 Rc8 12. Rac1 c5 13.
e5 Ne8 14. Qb1 cxd4 15. Nxd4 Nc5 16. Rfd1 Nc7 17. cxd5 Nxd5 18. Nc4 Qc7 19. Nb5 Qb8 20. Nbd6 Rcd8 21. Ba3 Rd7 22. b4 Na4 23. Qb3 b5 24. Nxb5 Nab6 25. Ncd6 a6 26. Nxb7 axb5 27. Nc5 Ra7 28.
Bf1 Na4 29. Ne4 Qxe5 30. Re1 Qb8 31. Rc6 Qa8 32. Bxb5 Nac3 33. Nxc3 Rxa3 34. Nxd5 Rxb3 35.
Nxe7+ Kh8 36. axb3 Qb7 37. Rc5 Qxe7 38. Rec1 g6 39.
Bc6 Rb8 40. b5 Kg7 41. b4 h5 42. Kg2 h4 43. R1c3 hxg3 44. hxg3 Qd8 45. Rf3 Qd4 46. Rf4 Qd1 47. Bf3 Qe1 48. Rc7 Rf8 49. b6 e5 50. Rfc4 Rh8 51. Bg4 Qh1# 0-1

[Event "Late-Titled-Tuesday-Blitz-February-13-2024"]
[Site "Chess.com"]
[Date "2024.02.13"]
[Round "4"]
[White "pinguino120"]
[Black "EvilMorty23"]
[Result "1/2-1/2"]
[WhiteElo "2337"]
[BlackElo "2510"]
[TimeControl "180+1"]
[EndTime "14:38:49 PST"]
[Termination "Game drawn - insufficient material"]

1. d4 Nf6 2. c4 e6 3. Nf3 d5 4.
g3 Bb4+ 5. Nbd2 Be7 6. Bg2 O-O 7.
O-O c6 8. b3 b6 9. Bb2 Nbd7 10.
Qc2 Bb7 11. e4 dxe4 12. Nxe4 c5 13. Nxf6+ Bxf6 14. Rad1 cxd4 15. Nxd4 Bxg2 16. Kxg2 Qc7 17. Kg1 a6 18. Nf3 Rfd8 19. Rd2 Bxb2 20. Qxb2 Nc5 21.
Rfd1 Rxd2 22. Rxd2 Rd8 23. Rxd8+ Qxd8 24. Qd4 Qxd4 25. Nxd4 Kf8 26. Kf1 Ke7 27. Ke2 Kd6 28. Ke3 g6 29. f4 f6 30. Ne2 e5 31. Nc3 exf4+ 32. gxf4 Nd7 33. b4 a5 34. a3 axb4 35. axb4 Nf8 36. Nd5 b5 37. Nxf6 bxc4 38. Kd4 Ne6+ 39.
Kxc4 Nxf4 40. Nxh7 Ne6 41. b5 g5 42. Nf6 Ke5 43. Nd7+ Kd6 44. Nf6 Ke5 45. Ng4+ Kf4 46. Nf2 Kf3 47. Nd3 Kg2 48. b6 Nd8 49. Ne5 Kxh2 50.
Kc5 Kg3 51. Kd6 Kf4 52. Kc7 Ne6+ 53. Kd6 Nd8 54. Ng6+ Ke4 55. Kd7 Nb7 56. Kc7 Na5 57. Ne7 g4 58. Nc6 Nxc6 59. Kxc6 g3 60. b7 g2 61.
b8=Q g1=Q 62. Qe8+ Kd3 63. Qd7+ Kc4 64. Qd6 Qg2+ 65.
Kd7 Qg7+ 66. Qe7 Qd4+ 67. Qd6 Qa7+ 68. Qc7+ Qxc7+ 69. Kxc7 1/2-1/2

[Event "Late-Titled-Tuesday-Blitz-February-13-2024"]
[Site "Chess.com"]
[Date "2024.02.13"]
[Round "4"]
[White "DeArron_Fox"]
[Black "NovakRatko"]
[Result "1-0"]
[WhiteElo "2516"]
[BlackElo "2323"]
[TimeControl "180+1"]
[EndTime "14:38:49 PST"]
[Termination "DeArron_Fox won on time"]

1. d4 d5 2. c4 c5 3. cxd5 Qxd5 4. Nc3 Qxd4 5. Be3 Qxd1+ 6. Rxd1 Nf6 7. Bxc5 Na6 8. Ba3 e5 9. Bxf8 Rxf8 10. Nf3 e4 11. Nd4 Bd7 12. e3 Nb4 13. a3 Nc6 14. Ndb5 O-O-O 15. Nd6+ Kc7 16. Ndxe4 Nxe4 17. Nxe4 f5 18. Nc3 f4 19.
Nd5+ Kb8 20. Nxf4 g5 21. Nd3 Ne7 22. Be2 Ba4 23. Rd2 Ng6 24. O-O Ne5 25. Rc1 Bb5 26. Nxe5 Rxd2 27. Bxb5 Rfd8 28. g3 Rxb2 29. a4 a6 30.
Bxa6 Rdd2 31. Nc4 Rbc2 32. Rxc2 Rxc2 33. Bb5 g4 34. Ne5 h5 35. Nd7+ Kc7 36. Nf6 Rc5 37. Kg2 Rf5 38. Ne4 Kb6 39. h3 Re5 40. Nd6 1-0

[Event "Late-Titled-Tuesday-Blitz-February-13-2024"]
[Site "Chess.com"]
[Date "2024.02.13"]
[Round "4"]
[White "legendisback1"]
[Black "Jarrahi2452"]
[Result "1-0"]
[WhiteElo "2997"]
[BlackElo "2815"]
[TimeControl "180+1"]
[EndTime "14:38:52 PST"]
[Termination "legendisback1 won by resignation"]

1. a3 c5 2. b4 cxb4 3. axb4 Nf6 4. Nf3 e6 5. b5 d5 6. Bb2 Bd6 7. e3 O-O 8. c4 Nbd7 9. d4 dxc4 10. Bxc4 b6 11. O-O Bb7 12. Nbd2 Ne4 13. Nxe4 Bxe4 14.
Nd2 Bb7 15. Bd3 Qh4 16. f4 f5 17. Bc4 Bd5 18. Qb3 Nf6 19. Ba3 Rfd8 20. Bxd6 Rxd6 21. Ra2 Ng4 22. Nf3 Qh5 23. Bxd5 Rxd5 24. h3 Nf6 25. Rfa1 Qf7 26. Ne5 Qc7 27. Ra6 g5 28. Nc6 gxf4 29.
Rxa7 Rxa7 30. Rxa7 Qd6 31. Ne7+ Kh8 32. Nxd5 Nxd5 33.
Qc4 Qb8 34. Qa4 Qd6 35. Ra8+ Kg7 36. Qa7+ Ne7 37. exf4 Qxd4+ 38. Kh1 Qd1+ 39. Kh2 Qd6 40. Qa1+ Kf7 41. Qe5 Qxe5 42. fxe5 Nd5 43. Ra7+ Kg6 44.
Kg3 f4+ 45. Kf3 Kf5 46. Rxh7 Kxe5 47. Rh5+ Kd4 48. Rxd5+ Kxd5 49. h4 Ke5 50. h5 Kf5 51. h6 Kg6 52. Kxf4 Kxh6 53. Ke5 1-0

[Event "Late-Titled-Tuesday-Blitz-February-13-2024"]
[Site "Chess.com"]
[Date "2024.02.13"]
[Round "4"]
[White "Rutricks"]
[Black "zajka-molotok"]
[Result "0-1"]
[WhiteElo "2688"]
[BlackElo "2506"]
[TimeControl "180+1"]
[EndTime "14:38:53 PST"]
[Termination "zajka-molotok won by resignation"]

1. e4 c5 2. d3 Nc6 3. Nf3 e6 4.
Nbd2 d5 5. g3 Nf6 6. Bg2 Be7 7.
O-O O-O 8. Re1 h6 9. e5 Nh7 10. h4 b5 11. Nf1 b4 12. Bf4 a5 13. Qd2 a4 14. N1h2 a3 15. b3 Re8 16. Ng4 Bf8 17. h5 Ba6 18. Ne3 Rc8 19. g4 Be7 20. Nf1 c4 21. Qe2 cxd3 22. cxd3 Ng5 23. Nxg5 Bxg5 24.
Qe3 Bxf4 25. Qxf4 Bxd3 26. Ne3 Qg5 27. Qg3 Qxe5 28. f4 Qb2 29. g5 hxg5 30. fxg5 Nd4 31. Kh2 Nc2 32. Nxc2 Rxc2 33. Qxd3 Rxg2+ 34. Kh3 Rh2+ 35. Kg4 Qg2+ 36. Qg3 Qxg3+ 37. Kxg3 Rxh5 38. Kg4 Rh2 39. Rec1 e5 40. Kg3 Rd2 41. Rc5 e4 42. Rf1 e3 43. Rc7 Rf8 44. Re7 d4 45. Rf4 e2 46.
Rfe4 d3 47. Kf2 Rd1 48. Rd7 Rf1+ 49. Kg2 e1=Q 50. Rxe1 Rxe1 51. Rxd3 Re2+ 52. Kf3 Rxa2 53. Rd2 Rxd2 0-1

[Event "Late-Titled-Tuesday-Blitz-February-13-2024"]
[Site "Chess.com"]
[Date "2024.02.13"]
[Round "4"]
[White "ckgchess"]
[Black "Oleksandr_Bortnyk"]
[Result "0-1"]
[WhiteElo "2863"]
[BlackElo "3056"]
[TimeControl "180+1"]
[EndTime "14:38:54 PST"]
[Termination "Oleksandr_Bortnyk won by resignation"]

1. e4 Nf6 2. e5 Nd5 3. d4 d6 4. c4 Nb6 5. f4 dxe5 6. fxe5 Bf5 7. Nc3 e6 8. Nf3 Bb4 9. a3 Bxc3+ 10. bxc3 c5 11. a4 Nc6 12. Ba3 cxd4 13. cxd4 Bg4 14. a5 Bxf3 15. Qxf3 Qxd4 16. Rd1 Qxe5+ 17. Be2 Qxa5+ 18.
Kf2 Ne5 19. Qg3 Nbd7 20. Bd6 O-O-O 21. c5 Nxc5 22. Qxe5 Rxd6 23. Rc1 Rd5 24. Qxg7 Rf5+ 25. Kg3 Qd8 26. Bg4 Rg8 27. Qxh7 Qd3+ 28. Kh4 Qd8+ 29.
Kg3 Rfg5 30. h3 Qd6+ 31. Kh4 Qd8 32. Kg3 b6 33. Rhd1 Qc7+ 34. Kf2 f5 35. Qxc7+ Kxc7 36. Bf3 e5 37. h4 R5g7 38. Rd5 e4 39. Be2 Rxg2+ 40. Ke3 Rh2 41. Rxf5 Rg3+ 42. Kd2 Rgg2 43. Re1 Nb3+ 44. Ke3 Rxe2+ 45. Rxe2 Rxe2+ 0-1

[Event "Late-Titled-Tuesday-Blitz-February-13-2024"]
[Site "Chess.com"]
[Date "2024.02.13"]
[Round "4"]
[White "Mikayel99"]
[Black "trriinu"]
[Result "1-0"]
[WhiteElo "2503"]
[BlackElo "2246"]
[TimeControl "180+1"]
[EndTime "14:38:55 PST"]
[Termination "Mikayel99 won on time"]

1. d4 d5 2. c4 e5 3. dxe5 d4 4. e3 Bb4+ 5. Bd2 dxe3 6. fxe3 Qh4+ 7. g3 Qe4 8. Qf3 Bxd2+ 9. Nxd2 Qxe5 10. O-O-O Nf6 11.
Bh3 Nc6 12. Bxc8 Rxc8 13. Qf4 Qa5 14. Ne4 Nxe4 15. Qxe4+ Qe5 16. Qxe5+ Nxe5 17. b3 O-O 18. Nh3 Rcd8 19. Nf4 Ng4 20. Nd5 c6 21. Ne7+ Kh8 22. Rhe1 g6 23. Rxd8 Rxd8 24. Rd1 Rxd1+ 25. Kxd1 Nxe3+ 26. Ke2 Ng4 27. h3 Ne5 28. Nc8 a5 29. Nd6 b6 30. a4 Kg7 31. Nc8 Nd7 32. Ne7 c5 33. Nd5 f5 34. Ke3 Kf7 35. Kf4 Ke6 36. Kg5 Kf7 37. Kh6 Kg8 38. h4 Kh8 39. h5 gxh5 40. Kg5 Kg7 41. Kxf5 h6 42. Ke6 Nf8+ 43. Kd6 Ng6 44.
Nxb6 h4 45. gxh4 Nxh4 46. Kxc5 Nf3 47. Kd5 h5 48. Ke4 Nd2+ 49. Kf4 Nxb3 50. Nd7 Kg6 51. c5 Nd4 52. Ne5+ 1-0

[Event "Late-Titled-Tuesday-Blitz-February-13-2024"]
[Site "Chess.com"]
[Date "2024.02.13"]
[Round "4"]
[White "Bilan_Danila"]
[Black "LUISMIGUELOV"]
[Result "1-0"]
[WhiteElo "2531"]
[BlackElo "2178"]
[TimeControl "180+1"]
[EndTime "14:38:56 PST"]
[Termination "Bilan_Danila won by resignation"]

1. d4 Nf6 2. Nf3 d5 3. c4 c6 4. Nc3 dxc4 5. a4 Bf5 6. e3 e6 7. Bxc4 Bb4 8. O-O O-O 9. Qe2 Ne4 10. Nxe4 Bxe4 11. Bd3 Bxd3 12. Qxd3 Nd7 13. Bd2 Bxd2 14. Qxd2 Qf6 15. b4 a6 16. Rfd1 Rfd8 17. Qc3 Qf5 18. h3 h6 19. Rab1 Nf6 20. Rb2 Ne4 21. Qc2 Nd6 22. Qc5 Rd7 23. Ne5 Rdd8 24. Nd3 Ne4 25. Qxf5 exf5 26. Nc5 Nxc5 27. bxc5 Rd7 28. Rdb1 Ra7 29.
g3 g5 30. f4 f6 31. Kf2 Kf7 32. Kf3 Ke6 33. g4 Kf7 34. gxf5 h5 35. fxg5 fxg5 36. Rg2 Kf6 37. Rbg1 Rg7 38. e4 Ra8 39. h4 g4+ 40. Kf4 Rd8 41. e5+ Kf7 42. Rd1 Rd5 43. Rg3 Kg8 44.
f6 Rgd7 45. Rgd3 Kf7 46. Kf5 Rd8 47. Rb1 R8d7 48. a5 Rxc5 49. dxc5 Rxd3 50. Rxb7+ Kf8 51. e6 Rd5+ 52. Kg6 1-0

[Event "Late-Titled-Tuesday-Blitz-February-13-2024"]
[Site "Chess.com"]
[Date "2024.02.13"]
[Round "4"]
[White "ChessQueen"]
[Black "Bugcrusher"]
[Result "1-0"]
[WhiteElo "2695"]
[BlackElo "2471"]
[TimeControl "180+1"]
[EndTime "14:38:57 PST"]
[Termination "ChessQueen won by checkmate"]

1. Nf3 d5 2. g3 Nd7 3. d4 Nb6 4. Bg2 Bf5 5. a4 a5 6. O-O h6 7. Nc3 e6 8. Ne5 Nf6 9. b3 Bb4 10. Bb2 O-O 11. Na2 Be7 12. c4 c6 13.
Nc3 Nbd7 14. Nd3 Bxd3 15. Qxd3 Bb4 16. Na2 Bd6 17. f4 Qe7 18. h3 Rfe8 19. g4 Nh7 20. e4 dxe4 21. Bxe4 Nhf8 22. Rae1 Qh4 23. Re3 f5 24. Bg2 Nf6 25. Qe2 fxg4 26. Nc3 gxh3 27.
Rxh3 Qg4 28. Qf2 Ng6 29. Rg3 Qf5 30. Bh3 Qh5 31. Bc1 Rf8 32. Bxe6+ Kh8 33. Qe2 Qxe2 34. Nxe2 Nh4 35. Rh3 Rae8 36. d5 cxd5 37. cxd5 Nxd5 38. Bxd5 Rxe2 39. Rxh4 Rc8 40. Bc4 Bc5+ 41. Kh1 Ra2 42. f5 Rf8 43. f6 Rxf6 44. Rxf6 gxf6 45. Bxh6 Ra1+ 46. Kg2 Ra2+ 47. Kf3 Rf2+ 48. Kg3 Ra2 49. Bf8# 1-0

[Event "Late-Titled-Tuesday-Blitz-February-13-2024"]
[Site "Chess.com"]
[Date "2024.02.13"]
[Round "4"]
[White "karinachess1"]
[Black "korkmaz16"]
[Result "1-0"]
[WhiteElo "2681"]
[BlackElo "2418"]
[TimeControl "180+1"]
[EndTime "14:38:58 PST"]
[Termination "karinachess1 won by resignation"]

1. d4 d5 2. c4 e5 3. dxe5 d4 4.
Nf3 Nc6 5. g3 Be6 6. Nbd2 Qd7 7.
Bg2 Bh3 8. O-O Bxg2 9. Kxg2 Nge7 10. Nb3 O-O-O 11. Nc5 Qf5 12. Qd3 g6 13. Bg5 Qxd3 14. Nxd3 Bg7 15. Rad1 h6 16. Bxe7 Nxe7 17. Nc5 b6 18.
Nd3 c5 19. b4 Nc6 20. bxc5 bxc5 21. Nxc5 Rhe8 22. Nd3 Nxe5 23. Nfxe5 Bxe5 24. Rb1 Bc7 25. Rb2 Re6 26. Rfb1 Rde8 27. Kf1 f5 28. Rd1 g5 29. Nc1 Bb6 30. Nb3 Re4 31. c5 Bc7 32. Rbd2 f4 33. Rc2 Be5 34. f3 Re3 35. g4 Rd8 36. Rcd2 Kc7 37.
Nxd4 Bxd4 38. Rxd4 Rxd4 39. Rxd4 Ra3 40. Rd2 Kc6 41.
h4 Kxc5 42. h5 a5 43. Kf2 Kc4 44. Rd6 Rxa2 45. Rxh6 a4 46. Rg6 a3 47. Rxg5 Ra1 48. Ra5 Kb4 49. Ra8 Rc1 50. g5 Rc5 51. g6 Rxh5 52. g7 Rg5 53. g8=Q Rxg8 54. Rxg8 a2 55. Ra8 Kb3 56. e3 fxe3+ 57. Kxe3 Kb2 58. f4 a1=Q 59.
Rxa1 Kxa1 60. f5 1-0

[Event "Late-Titled-Tuesday-Blitz-February-13-2024"]
[Site "Chess.com"]
[Date "2024.02.13"]
[Round "4"]
[White "KetiTsatsalashvili"]
[Black "HamedWafa4"]
[Result "1-0"]
[WhiteElo "2465"]
[BlackElo "2715"]
[TimeControl "180+1"]
[EndTime "14:38:58 PST"]
[Termination "KetiTsatsalashvili won by resignation"]

1. d4 Nf6 2. Nf3 e6 3. e3 b6 4.
Bd3 Bb7 5. Nbd2 d5 6. b3 Nbd7 7. Bb2 Be7 8. O-O O-O 9. Ne5 Nxe5 10. dxe5 Ne4 11. f3 Nxd2 12. Qxd2 c5 13. Rad1 f5 14. exf6 Bxf6 15. Bxf6 Qxf6 16. c4 Rad8 17. Qc2 Qh6 18. cxd5 exd5 19. e4 Qe3+ 20. Kh1 dxe4 21. Bxe4 Bxe4 22.
fxe4 Rxf1+ 23. Rxf1 Qd3 24. Qf2 h6 25. Qf5 Qd7 26. Qf3 Re8 27. h3 Qe6 28. Re1 Qe5 29.
Qd3 Kh7 30. Qc4 Re6 31. Qd3 Rd6 32. Qf3 Rf6 33. Qd3 Rf4 34. Qc4 h5 35. a4 h4 36. Qd3 Rf2 37. Qd7 Qg5 38. Rg1 Re2 39.
Qxa7 Rxe4 40. Qxb6 Rb4 41. Qe6 Rxb3 42. Qxb3 Qe5 43. Qf3 c4 44. Rf1 Qd4 45. Qf5+ Kh8 46. Qf8+ Kh7 47. Qf5+ Kh8 48. Qh5+ Kg8 49. Re1 1-0

[Event "Late-Titled-Tuesday-Blitz-February-13-2024"]
[Site "Chess.com"]
[Date "2024.02.13"]
[Round "4"]
[White "sansanathalia"]
[Black "mightysmasher"]
[Result "0-1"]
[WhiteElo "2382"]
[BlackElo "2552"]
[TimeControl "180+1"]
[EndTime "14:38:58 PST"]
[Termination "mightysmasher won on time"]

1. e4 e6 2. d4 d5 3. Nd2 dxe4 4. Nxe4 Nd7 5. Nf3 Ngf6 6. Bd3 c5 7. c3 cxd4 8. Nxd4 Nc5 9. Nxc5 Bxc5 10. Be3 O-O 11.
O-O e5 12. Nc2 Bxe3 13. Nxe3 e4 14. Bc2 Qc7 15. Qe2 Be6 16. Rfd1 h6 17. h3 Rfe8 18. c4 Rac8 19. b3 Qc5 20. Rac1 Qg5 21. Kh1 Nh5 22.
Rd4 Nf4 23. Qf1 f5 24. g3 Nh5 25. h4 Nxg3+ 26. fxg3 Qxe3 27. Qg1 Qf3+ 28. Qg2 Qe3 29. Rcd1 Bf7 30. Rd7 Bh5 31. Kh2 Bf3 32. Qf1 Bxd1 33.
Qxd1 Qf2+ 34. Kh3 Qf3 35. Qd5+ Kh8 36. Kh2 Qe2+ 37. Kh3 Qxc2 38. Qf7 Rg8 39. Qxf5 Qe2 40. Re7 Rcf8 41. Qg6 Qf1+ 42. Kg4 Qf3+ 43. Kh3 Qf5+ 44. Qxf5 Rxf5 45. Rxe4 Rf2 46. Re7 Rxa2 47. Rxb7 a5 48. c5 Rc8 49. Rb5 a4 50. bxa4 Rxa4 0-1

[Event "Late-Titled-Tuesday-Blitz-February-13-2024"]
[Site "Chess.com"]
[Date "2024.02.13"]
[Round "4"]
[White "FontVella8"]
[Black "subham777"]
[Result "0-1"]
[WhiteElo "2702"]
[BlackElo "2527"]
[TimeControl "180+1"]
[EndTime "14:39:00 PST"]
[Termination "subham777 won by checkmate"]

1. e4 e6 2. d4 d5 3. Nc3 Nf6 4. e5 Nfd7 5. f4 c5 6. Nf3 Nc6 7. Be3 Be7 8. Qd2 a6 9. dxc5 Bxc5 10. O-O-O b5 11. Kb1 Qa5 12. Bxc5 Nxc5 13. Qe3 b4 14. Nxd5 exd5 15. Rxd5 Be6 16. Rxc5 Qxa2+ 17. Kc1 Rd8 18. Bd3 Qa1+ 19. Kd2 Qxh1 20. Rxc6 Qxg2+ 21. Qe2 Qg4 22. Rxa6 b3 23. Ke3 O-O 24. Ra4 Bf5 25. Bxf5 Qxf5 26.
cxb3 Rfe8 27. Re4 Rb8 28. Nd4 Qh3+ 29. Kd2 Red8 30. Kc2 Rbc8+ 31. Kb1 Ra8 32. f5 Qh6 33. e6 fxe6 34. Rxe6 Qg5 35. f6 Qg1+ 36. Kc2 Qxd4 37. f7+ Kf8 38. Re7 Qc5+ 39. Kb1 Qxe7 40. Qc4 Qxf7 41. Qc5+ Qe7 42. b4 Qxc5 43. bxc5 Rab8 44. c6 Rdc8 45. c7 Rxc7 46. Ka2 Rcb7 47. b3 Rxb3 48.
Ka1 R3b6 49. h4 Ra8# 0-1

[Event "Late-Titled-Tuesday-Blitz-February-13-2024"]
[Site "Chess.com"]
[Date "2024.02.13"]
[Round "4"]
[White "Championnn-9"]
[Black "Jahonas"]
[Result "0-1"]
[WhiteElo "2524"]
[BlackElo "2380"]
[TimeControl "180+1"]
[EndTime "14:39:00 PST"]
[Termination "Jahonas won by resignation"]

1. e4 c6 2. Nc3 d5 3. exd5 cxd5 4. d4 Nc6 5. Bf4 a6 6. Nf3 Nf6 7. Ne5 Qb6 8. Nxc6 Qxc6 9. Be2 Bf5 10. O-O e6 11. a4 Be7 12. Qd2 O-O 13. Qe3 Bb4 14. Bd3 Bxc3 15. bxc3 Qxc3 16. Bxf5 Qxe3 17. Bxh7+ Kxh7 18. Bxe3 Rfc8 19. Rab1 b5 20. axb5 axb5 21. Rxb5 Rxc2 22.
Rb7 Kg6 23. h3 Raa2 24. g4 Ne4 25. Kg2 Nd6 26. Rd7 Nc4 27. Bf4 Nd2 28. Bxd2 Rxd2 29. h4 Rxd4 30. Kg3 Ra3+ 31. f3 Rdd3 32. h5+ Kf6 33. Rf2 e5 34. Rb7 e4 35. Rb6+ Ke5 36. g5 Rxf3+ 37. Rxf3 Rxf3+ 38. Kg4 Rf1 39. h6 Rg1+ 40.
Kh4 Rh1+ 41. Kg4 f5+ 42. Kg3 gxh6 43. gxh6 f4+ 44. Kg2 Rh5 45. Kf2 Kf5 46. Rd6 Kg4 47.
Rg6+ Kf5 48. Rd6 Ke5 49. Rb6 f3 50. Ra6 Kf4 51. Rf6+ Kg5 52. Rd6 Rxh6 53. Rxd5+ Kf4 54. Rd4 Rh2+ 55. Kg1 Ra2 56. Rb4 Kg3 57. Rb1 Rh2 58. Rb3 Rg2+ 59. Kh1 Rd2 60. Rb1 Rh2+ 61. Kg1 f2+ 62. Kf1 Rh1+ 63. Ke2 Rxb1 0-1

[Event "Late-Titled-Tuesday-Blitz-February-13-2024"]
[Site "Chess.com"]
[Date "2024.02.13"]
[Round "4"]
[White "VladimirKramnik"]
[Black "Korchmar_Vasiliy"]
[Result "1-0"]
[WhiteElo "2943"]
[BlackElo "2747"]
[TimeControl "180+1"]
[EndTime "14:39:02 PST"]
[Termination "VladimirKramnik won on time"]

1. e4 c5 2. Nf3 d6 3. d4 cxd4 4. Nxd4 Nf6 5. Nc3 Nc6 6. Bg5 Bd7 7. Qd2 a6 8. O-O-O e6 9. f3 Be7 10. Kb1 Nxd4 11. Qxd4 Qc7 12. h4 b5 13. g4 O-O 14.
Bd3 b4 15. Ne2 Rfc8 16. h5 h6 17. Bc1 Bb5 18. g5 e5 19. Qe3 hxg5 20. Ng3 Nh7 21. Nf5 Bf6 22. Qe2 Nf8 23. h6 g6 24. Ne3 Bc6 25. Bc4 Kh7 26. Nd5 Bxd5 27. Bxd5 Rab8 28.
Rdg1 Qe7 29. Qxa6 Ne6 30. Be3 Nf4 31. Bb3 d5 32. exd5 e4 33. fxe4 Qe5 34. Bc1 Bh8 35.
Re1 Rc7 36. d6 Rd7 37. Rd1 Rbd8 38. Qc4 Ne6 39. Rd5 Qf6 40. Rf1 1-0

[Event "Late-Titled-Tuesday-Blitz-February-13-2024"]
[Site "Chess.com"]
[Date "2024.02.13"]
[Round "4"]
[White "Nf3c5"]
[Black "Miguelito"]
[Result "0-1"]
[WhiteElo "2541"]
[BlackElo "2766"]
[TimeControl "180+1"]
[EndTime "14:39:02 PST"]
[Termination "Miguelito won on time"]

1. d4 d5 2. Nf3 Nf6 3. Bg5 Ne4 4. Bh4 c5 5. e3 Qb6 6. Nc3 Nxc3 7. bxc3 c4 8. e4 e6 9. Be2 Nc6 10. O-O Be7 11. Bg3 Qd8 12. Re1 O-O 13. Rb1 b6 14. Bf1 Bb7 15. exd5 Qxd5 16. Ne5 Nxe5 17. Rxe5 Qc6 18.
Qe2 Bf6 19. Rh5 Rac8 20. Be5 Bxe5 21. Rxe5 Rfd8 22. h4 Rd5 23. Re3 Ra5 24. Rg3 Qe4 25. Qd2 Qxh4 26. Re1 Rh5 27. Rh3 Qg5 28. Qe3 Qxe3 29.
Rhxe3 Ra5 30. Ra1 Ra3 31. f3 Kf8 32. Kf2 Ke7 33. Ke1 h5 34. Kd2 h4 35. Re5 h3 36.
gxh3 Bxf3 37. Rg5 g6 38. Rg3 Bd5 39. Be2 Rh8 40. Kc1 Rh4 41. Kb2 Ra5 42. a4 Bc6 43.
Bg4 Rxa4 44. Re1 Ra5 45. Rge3 Bd5 46. Rg3 b5 47. Rge3 Ra6 48. Rg3 Rb6 49. Rge3 a5 50.
Ra1 Ra6 51. Rf1 f5 0-1

[Event "Late-Titled-Tuesday-Blitz-February-13-2024"]
[Site "Chess.com"]
[Date "2024.02.13"]
[Round "4"]
[White "Yurovskykh_Oleksandr"]
[Black "cukricek"]
[Result "1-0"]
[WhiteElo "2693"]
[BlackElo "2462"]
[TimeControl "180+1"]
[EndTime "14:39:02 PST"]
[Termination "Yurovskykh_Oleksandr won by resignation"]

1. d4 Nf6 2. Nf3 g6 3. Bg5 Bg7 4. Nbd2 d5 5. e3 O-O 6. Be2 c5 7. c3 Ne4 8. Nxe4 dxe4 9. Nd2 f5 10. O-O h6 11. Bf4 g5 12. Bxb8 Rxb8 13. dxc5 Qc7 14. Nb3 Be6 15. Nd4 Bd7 16. Qb3+ Kh7 17. Qa3 e5 18.
Nb5 Bxb5 19. Bxb5 a6 20. Be2 f4 21. Bg4 Kg6 22. Rfd1 Rbd8 23. b4 h5 24. Be6 Rf6 25. Bd5 Rdf8 26. Bxe4+ Kh6 27. exf4 Rxf4 28. f3 g4 29.
Rd6+ R8f6 30. Rad1 gxf3 31. gxf3 Qc8 32. Qc1 Qh3 33.
Rxf6+ Bxf6 34. Rd6 Kg7 35. Qf1 Qh4 36. Rd7+ Kf8 37.
Rxb7 Bg5 38. Qd1 Rxe4 39. fxe4 Be3+ 40. Kg2 Qg5+ 41. Kf1 Qf4+ 42. Ke2 Qf2+ 43. Kd3 Bf4 44. Qxh5 Qf1+ 45. Qe2 Qb1+ 46. Kc4 Qxa2+ 47. Qxa2 1-0

[Event "Late-Titled-Tuesday-Blitz-February-13-2024"]
[Site "Chess.com"]
[Date "2024.02.13"]
[Round "4"]
[White "FM_Kappeler"]
[Black "protectiago"]
[Result "1-0"]
[WhiteElo "2264"]
[BlackElo "2107"]
[TimeControl "180+1"]
[EndTime "14:39:02 PST"]
[Termination "FM_Kappeler won on time"]

1. c4 Nf6 2. Nf3 c5 3. g3 Nc6 4. Bg2 e6 5. O-O d5 6. cxd5 Nxd5 7. d4 cxd4 8. Nxd4 Bd7 9. a3 Bc5 10. Nb5 Nce7 11. N1c3 O-O 12. b4 Bxb5 13. Nxb5 Bb6 14. Bb2 a6 15. Nd4 Nc6 16. Nxc6 bxc6 17. Rc1 Rc8 18. Qd3 a5 19. Rfd1 axb4 20. axb4 Nxb4 21. Qc3 Qg5 22. Qxb4 Rb8 23. Qc3 Ba5 24. Qc2 c5 25. Bc3 Bb6 26. Rb1 h5 27. h4 Qg4 28.
Bf3 Qc4 29. Qd3 Qxd3 30. Rxd3 c4 31. Rdd1 g6 32. Kg2 Rfc8 33. Be5 Bc7 34. Bxc7 Rxb1 35.
Rxb1 Rxc7 36. Rc1 Kg7 37. Rc3 Kf6 38. e3 Ke5 39. Kf1 f5 40. Ke2 Kd6 41. Kd2 e5 42. Be2 Kd5 43. Kc2 e4 44. Ra3 Rb7 45. Ra5+ Kd6 46.
Bxc4 Rc7 47. Kc3 Ke7 48. Ra6 1-0

[Event "Late-Titled-Tuesday-Blitz-February-13-2024"]
[Site "Chess.com"]
[Date "2024.02.13"]
[Round "4"]
[White "Grindaveci"]
[Black "mr_gustavo"]
[Result "0-1"]
[WhiteElo "2444"]
[BlackElo "2726"]
[TimeControl "180+1"]
[EndTime "14:39:03 PST"]
[Termination "mr_gustavo won by resignation"]

1. e4 d6 2. d4 g6 3. Nc3 Bg7 4. Be3 e6 5. Qd2 h6 6. h4 Ne7 7. h5 g5 8. O-O-O a6 9. f4 gxf4 10. Bxf4 b5 11. Nf3 Bb7 12. Kb1 Nd7 13. Bd3 Nb6 14.
Rhf1 c5 15. dxc5 dxc5 16. Qf2 Nd7 17. Ne5 O-O 18. Nxd7 Qxd7 19. Bxb5 Qc8 20. Qg3 Kh8 21. Be5 f6 22. Bd6 axb5 23. Bxe7 Rf7 24. Rd8+ Qxd8 25.
Bxd8 Rxd8 26. Nxb5 Bxe4 27. a4 Rfd7 28. Re1 f5 29. Ka2 Ra8 30. Ka3 Bxc2 31. b3 c4 32.
Qf3 Ra6 33. Qf4 cxb3 34. Rxe6 Rxe6 35. Qb8+ Kh7 36. Nc7 Red6 37. a5 Bb2+ 38. Ka4 Be4 39. Kxb3 Bg7 40. Kc4 Rd3 41. Kc5 R7d5+ 42. Kc4 R5d4+ 43.
Kc5 Rc3+ 44. Kb6 Rb4+ 45. Nb5 Rxb5+ 46. Kxb5 Rb3+ 47. Kc5 Rxb8 48. a6 Ra8 49. Kb6 Rxa6+ 50.
Kxa6 Bxg2 51. Kb5 Bf3 0-1

[Event "Late-Titled-Tuesday-Blitz-February-13-2024"]
[Site "Chess.com"]
[Date "2024.02.13"]
[Round "4"]
[White "pfalcon1949"]
[Black "jinxy2009"]
[Result "0-1"]
[WhiteElo "1944"]
[BlackElo "2233"]
[TimeControl "180+1"]
[EndTime "14:39:03 PST"]
[Termination "jinxy2009 won on time"]

1. e4 c5 2. Nf3 Nc6 3. d4 cxd4 4. Nxd4 Nf6 5. Nc3 e5 6. Ndb5 d6 7. Bg5 a6 8. Na3 b5 9. Nd5 Be7 10. Bxf6 Bxf6 11. c4 b4 12. Nc2 O-O 13. g3 Bg5 14.
Bg2 Rb8 15. b3 Be6 16. h4 Bh6 17. O-O a5 18. Qe2 Ne7 19. Nce3 f5 20. Nxe7+ Qxe7 21. exf5 Bxe3 22. fxe6 Bd4 23. Rad1 Bc5 24. Kh2 Rf6 25. Bd5 Rbf8 26. f3 Rh6 27. Qe4 Rf4 28. Qe1 Rf5 29. Kg2 g5 30. hxg5 Rxg5 31. Rh1 Rhg6 32. g4 h5 33. Qh4 Rxg4+ 34. fxg4 Rxg4+ 35. Qxg4+ hxg4 36. Rh5 Qe8 37. Rdh1 Kg7 38. Rh7+ Kg6 39. Be4+ Kg5 40. Kg3 Bf2+ 41. Kxf2 Kf4 42. Rf7+ Kxe4 43. Rhh7 Qxe6 44. Kg3 Kd3 45. Re7 Qf5 46. Rhf7 Qe4 0-1